 Dungeon Crawl Stone Soup version 0.30.0-5-g1a98f26d00 (webtiles) character file.

Game seed: 12217286479758992091

18 monsoonserge the Ducker (level 3, 33/33 HPs)
             Began as a Meteoran Monk on May 12, 2023.
             Quit the game on level 1 of the Dungeon.
             The game lasted 00:02:52 (482 turns).

monsoonserge the Ducker (Meteoran Monk)              Turns: 482, Time: 00:02:52

Health: 33/33      AC:  5    Str: 14    XL:     3   Next: 8%
Magic:  4/4        EV: 12    Int: 11    God:
Gold:   43         SH:  4    Dex: 17    Spells: 2/2 levels left

rFire   . . .        h - +3 hand axe
rCold   . . .        j - +0 buckler
rNeg    . . .        g - +0 ring mail
rPois   .            (no helmet)
rElec   .            (no cloak)
rCorr   .            (no gloves)
SInv    .            (no boots)
Will    .....        (no amulet)
Stlth   +            (no ring)
HPRegen 0.25/turn    (no ring)
MPRegen 0.09/turn

%: no passive effects
@: glowing
A: sense surroundings 1, otherworldly, glowing, explore regen
a: no special abilities


You were on level 1 of the Dungeon.
You visited 1 branch of the dungeon, and saw 1 of its levels.

You collected 43 gold pieces.

Inventory:

Hand Weapons
 a - a +0 mace
 h - a +3 hand axe (weapon)
Armour
 b - a +0 robe
 d - an orb of light
 g - a +0 ring mail (worn)
 j - a +0 buckler (worn)
Scrolls
 e - a scroll of vulnerability {unknown}
 f - 2 scrolls of fog {unknown}
 i - a scroll of enchant armour {unknown}
 k - 2 scrolls of identify {unknown}
Potions
 c - a potion of ambrosia
 l - a potion of degeneration {unknown}
 m - a potion of mutation {unknown}


   Skills:
 + Level 3.7 Fighting
 - Level 4.0 Maces & Flails
 + Level 1.0 Armour
 + Level 4.1 Dodging


You had 2 spell levels left.
You didn't know any spells.
Your spell library contained the following spells:

 Spells                   Type           Power      Damage    Failure   Level
 Magic Dart               Conj           0%         1d3       71%         1
 Call Imp                 Summ           0%         N/A       83%         2
 Mephitic Cloud           Conj/Pois/Air  0%         N/A       97%         3


Dungeon Overview and Level Annotations

Branches:
Dungeon (1/15) Zot: 111

Altars:


Innate Abilities, Weirdness & Mutations

You passively map a small area around you.
You are easily found by Zot.
You glow in the dark.
You regain HP and MP as you explore.


Message History

An endoplasm comes into view.
The endoplasm quivers.
The endoplasm freezes you.
You are frozen.
You completely miss the endoplasm. The endoplasm freezes you.
You are frozen.
You hit the endoplasm.
The endoplasm is heavily wounded.
The endoplasm freezes you.
You are frozen.
The endoplasm hits you.
You hit the endoplasm.
You kill the endoplasm!
HP restored.
Found a leather armour.
A dart slug comes into view.
You see here a +0 leather armour.
The dart slug launches a dart at you. The slug dart hits you.
The dart slug launches a dart at you. The slug dart hits you.
You hit the dart slug.
The dart slug is heavily wounded.
The dart slug closely misses you.
You hit the dart slug.
You kill the dart slug!
You have reached level 3!
Your experience leads to an increase in your attributes!
Increase (S)trength, (I)ntelligence, or (D)exterity?
You feel stronger. x2; You feel agile.
Okay, then.
Found a fuming clear potion and a bubbling emerald potion.
l - a bubbling emerald potion
There are no items here.
m - a fuming clear potion
There are no items here.
Found a scroll labelled BOKUNG TONUGA.
k - 2 scrolls labelled BOKUNG TONUGA (gained 1)
There are no items here.
Are you sure you want to abandon this character and quit the game? (Confirm with "yes".)

#.##................#
#.####
#...................####.#
#####.##...####..........#
#........## #####.######
#.(..##### #.# #..### #.#
#..# ########.# #..#
#........# #..# #@# * ###
#..# #.# #..# #.# #..# #.#
#..# ##.# #..# #..#
####..### #.## #...>...#
#.# #.......# #.#


There were no monsters in sight!

Vanquished Creatures
  A dart slug (D:1)
  5 endoplasms (D:1)
  A goblin (D:1)
  3 jackals (D:1)
  A ball python (D:1)
  2 bats (D:1)
  2 frilled lizards (D:1)
15 creatures vanquished.

Notes
Turn   | Place    | Note
-------+----------+-------------------------------------------
     0 | D:1      | monsoonserge the Meteoran Monk began the quest for the Orb.
     0 | D:1      | Reached XP level 1. HP: 19/19 MP: 2/2
    88 | D:1      | Reached XP level 2. HP: 24/26 MP: 3/3
   173 | D:1      | Reached skill level 1 in Armour
   201 | D:1      | Found a faded altar of an unknown god.
   438 | D:1      | Reached XP level 3. HP: 28/33 MP: 4/4
   482 | D:1      | Quit the game

Illustrated notes

Levels and vault maps discovered:
D:1:      nzn_arrival_settlement, layout_loops_ring,
          hellmonk_ecumenical_altar_heavens_door

Skill      XL: |  1  2 |
---------------+-------+-----
Armour         | 1 |  1.0
Dodging        | 4 |  4.1
Fighting       | |  3.7
Maces & Flails | |  4.0

Action                     || total
---------------------------++-------
  Melee: Hand axe          ||    31
 Armour: Ring mail         ||     8
  Dodge: Dodged            ||    14
